[Event "Schack-SM 2022: Mastarklassen"]
[Site "Fyrishov, Idrottsgatan 2, Uppsala, Sweden"]
[Date "2022.07.05"]
[Round "4.5"]
[White "Johnson, Daniel"]
[Black "Johansson, Thomas"]
[Result "1-0"]
[TimeControl "90 minutes for 40 moves + 30 minutes for the rest of the game + 30 seconds per move from move one."]
[WhiteFideId "1721283"]
[BlackFideId "1708244"]
[WhiteElo "2191"]
[BlackElo "2231"]

1. d4 Nf6 2. c4 g6 3. f3 Bg7 4. e4 d6 5. Nc3 O-O 6. Nge2 c5 7. d5 e6 8. Ng3 exd5 9. cxd5 Nh5 10.
Nxh5 gxh5 11. Bf4 a6 12. a4 f5 13. Qd2 Qf6 14. g3 Nd7 15. Bd3 Ne5 16. O-O Qg6 17. exf5 Bxf5 18. Bxf5 Qxf5 19.
Bxe5 Bxe5 20. Rae1 Rae8 21. Ne4 Bd4+ 22. Kg2 Qg6 23. b4 Re7 24. bxc5 dxc5 25. d6 Rg7 26. Nxc5 Bxc5 27. Qd5+ Qf7 28.
Qxc5 Qa2+ 29. Rf2 Qxa4 30. Re7 Qb5 31. Rxg7+ Kxg7 32. Qd4+ Kg6 33. d7 Rd8 34. Rd2 Qf5 35. Qb6+ Kf7 1-0

[Event "Schack-SM 2022: Mastarklassen"]
[Site "Fyrishov, Idrottsgatan 2, Uppsala, Sweden"]
[Date "2022.07.05"]
[Round "4.6"]
[White "Mardell, Jimmy"]
[Black "Eriksson, Jorgen"]
[Result "1/2-1/2"]
[TimeControl "90 minutes for 40 moves + 30 minutes for the rest of the game + 30 seconds per move from move one."]
[WhiteFideId "1705610"]
[BlackFideId "1701967"]
[WhiteElo "2161"]
[BlackElo "2200"]

1. d4 d5 2. c4 e6 3. Nc3 a6 4. cxd5 exd5 5. Bf4 Bd6 6. Nxd5 Be6 7. Bxd6 Qxd6 8. Nc3 Ne7 9. Nf3 O-O 10.
e3 Qb4 11. Qd2 c5 12. a3 Qa5 13. Be2 Nbc6 14. dxc5 Rfd8 15. Qc2 Qxc5 16. O-O h6 17. Rfd1 b5 18.
b4 Qb6 19. Ne4 Rxd1+ 20. Rxd1 a5 21. Qc5 Qxc5 22. Nxc5 axb4 23. Nxe6 fxe6 24. axb4 Ra4 25. Bxb5 Rxb4 26. Bxc6 Nxc6 27.
g3 Rc4 28. h4 Kf7 29. Rd7+ Kf6 30. Rc7 Rc3 31. Kg2 Rc4 32. Nd4 Ne5 33. Rxc4 Nxc4 34. g4 Nd2 35. f3 Nc4 36. Kf2 Nd6 37.
h5 e5 38. Ne2 g6 39. hxg6 Kxg6 40. Ng3 Kg5 41. e4 Nf7 42. Nf5 h5 43. Kg3 Nh8 44. Nh4 Nf7 45. Ng2 Nd6 46. gxh5 Kxh5 47.
Kf2 Kg5 48. Ke3 Kf6 49. Kd3 Ke6 50. Kc3 Nf7 51. Kc4 Ng5 52. Nh4 Kd6 53. Kb5 Ne6 54. Nf5+ Kd7 55. Kb4 Ng5 56. Nh4 Kd6 57.
Kb5 Ne6 58. Kc4 Ng5 59. Kd3 Ke6 60. Ke3 Nf7 61. Ng2 Kf6 62. Ne1 Ng5 63. Nd3 Ne6 64. Nb4 Ng5 65. Nc6 Nf7 66. f4 exf4+ 67. Kxf4 Ke6 68. Nd4+ Kf6 1/2-1/2

[Event "Schack-SM 2022: Mastarklassen"]
[Site "Fyrishov, Idrottsgatan 2, Uppsala, Sweden"]
[Date "2022.07.05"]
[Round "4.7"]
[White "Strom-Engdahl, Alexander"]
[Black "Tiger-Norqvist, Axel"]
[Result "1/2-1/2"]
[TimeControl "90 minutes for 40 moves + 30 minutes for the rest of the game + 30 seconds per move from move one."]
[WhiteFideId "1741586"]
[BlackFideId "1716816"]
[WhiteElo "2077"]
[BlackElo "2239"]

1. d4 Nf6 2. Bf4 g6 3. Nc3 Bg7 4. e4 O-O 5. Qd2 c6 6. e5 Ne8 7. Nf3 d6 8. O-O-O dxe5 9. Bxe5 Nf6 10.
h4 Nbd7 11. Bf4 h5 12. Bd3 Ng4 13. Rhe1 Ndf6 14. Kb1 e6 15. Ne4 Nxe4 16. Bxe4 Qb6 17. c3 Rd8 18. Qc2 Bd7 19. Bg5 Rdc8 20.
Ne5 Be8 21. Nxg4 hxg4 22. Qd2 c5 23. Bh6 Bh8 24. h5 cxd4 25. cxd4 Bf6 26. hxg6 fxg6 27. Rh1 Bf7 28. Qd3 Rd8 29. Bxg6 Rxd4 30. Bxf7+ Kxf7 31. Qh7+ Ke8 32. Qg8+ Ke7 33. Qh7+ Ke8 34. Qg6+ Ke7 35. Qh7+ Ke8 1/2-1/2

[Event "Schack-SM 2022: Mastarklassen"]
[Site "Fyrishov, Idrottsgatan 2, Uppsala, Sweden"]
[Date "2022.07.05"]
[Round "4.8"]
[White "Landgren, Andreas"]
[Black "Joensson, Jacob"]
[Result "1/2-1/2"]
[TimeControl "90 minutes for 40 moves + 30 minutes for the rest of the game + 30 seconds per move from move one."]
[WhiteTitle "FM"]
[WhiteFideId "1704311"]
[BlackFideId "1726315"]
[WhiteElo "2224"]
[BlackElo "1947"]

1. e4 e5 2. Nf3 Nc6 3. Bb5 a6 4. Ba4 Nf6 5. O-O Be7 6. Re1 b5 7. Bb3 d6 8. a4 Rb8 9. axb5 axb5 10.
h3 O-O 11. Nc3 Re8 12. d3 h6 13. Be3 Bf8 14. Ne2 d5 15. exd5 Nxd5 16. Bd2 Bb7 17. Nc3 Nxc3 18. bxc3 Qd6 19.
Nh2 Rbd8 20. Qf3 Qg6 21. Qg4 Qf6 22. Qg3 Kh7 23. Re3 Bd6 24. Rf3 e4 25. Rxf6 Bxg3 26. Rxf7 Ne5 27. fxg3 Nxf7 28.
Bxf7 Re7 29. Bh5 exd3 30. Rc1 Re2 31.
Nf3 Bxf3 32. Bxf3 Rxd2 33. cxd3 R8xd3 1/2-1/2

[Event "Schack-SM 2022: Mastarklassen"]
[Site "Fyrishov, Idrottsgatan 2, Uppsala, Sweden"]
[Date "2022.07.05"]
[Round "4.9"]
[White "Sundin, Emanuel"]
[Black "Bjorkman, Filip"]
[Result "1-0"]
[TimeControl "90 minutes for 40 moves + 30 minutes for the rest of the game + 30 seconds per move from move one."]
[WhiteFideId "1719173"]
[BlackFideId "1734970"]
[WhiteElo "2160"]
[BlackElo "2066"]

1. e4 c5 2. Nc3 Nc6 3. Bb5 g6 4. Bxc6 dxc6 5. d3 e5 6. f4 exf4 7. Bxf4 Bg7 8. Nf3 Ne7 9. O-O O-O 10.
Qd2 c4 11. d4 Bg4 12. Ne5 Be6 13. Rad1 f6 14. Nf3 f5 15. Ng5 Bc8 16. Kh1 h6 17. Nf3 g5 18. Be5 fxe4 19. Nxe4 Bg4 20.
Bxg7 Kxg7 21. Nexg5 Qd5 22. Rde1 Ng6 23. h3 Bf5 24. Ne5 hxg5 25. Qxg5 Bxc2 26. h4 Qd8 27. Rxf8 Kxf8 28. Nxg6+ Bxg6 29.
Qh6+ Kf7 30. Rf1+ Ke7 31. Qg7+ Kd6 32. Qxg6+ Kc7 33. Rf7+ Kb6 34. Qh7 Rb8 35. Qe4 Qg8 36. Qf5 Ka6 37.
b4 cxb3 38. axb3 Qg3 39. Qf1+ Kb6 40. Qf4 Qe1+ 41. Kh2 Rc8 42. Qg5 Re8 43. Qg3 Qe4 44. Qc7+ Ka6 45. Qxb7+ Ka5 46. Qxa7+ Kb4 47.
Qc5+ 1-0

[Event "Schack-SM 2022: Mastarklassen"]
[Site "Fyrishov, Idrottsgatan 2, Uppsala, Sweden"]
[Date "2022.07.05"]
[Round "4.10"]
[White "Dingertz, Erik"]
[Black "Styf, Josef"]
[Result "0-1"]
[TimeControl "90 minutes for 40 moves + 30 minutes for the rest of the game + 30 seconds per move from move one."]
[WhiteFideId "1741578"]
[BlackFideId "1708279"]
[WhiteElo "2021"]
[BlackElo "2048"]

1. c4 Nf6 2. g3 g6 3. Bg2 Bg7 4. Nc3 O-O 5. Rb1 d6 6. b4 e5 7. d3 c6 8. Nf3 Re8 9. b5 Bf5 10. e4 Bg4 11. bxc6 bxc6 12. Qa4 Qc7 13. Be3 Nbd7 14. O-O Nc5 15. Bxc5 dxc5 16. Rb3 Red8 17. Rfb1 Rxd3 18. Ne1 Rd2 19. Qa3 Qd6 20. Na4 Bd1 21. R3b2 Qd4 22. Rxd2 Qxd2 23. Nf3 Qc2 24. Nc3 Nxe4 25. Rxd1 Qxf2+ 26. Kh1 Qe3 27. Rf1 Qxc3 28. Qa6 Qe3 29. Qxc6 Rf8 30. Nxe5 Nf2+ 31. Rxf2 Qxf2 32. Nd3 Qxa2 33. Bd5 Qb1+ 0-1

[Event "Schack-SM 2022: Mastarklassen"]
[Site "Fyrishov, Idrottsgatan 2, Uppsala, Sweden"]
[Date "2022.07.05"]
[Round "4.1"]
[White "Malmstig, Erik"]
[Black "Lind, Jan-Olov"]
[Result "0-1"]
[TimeControl "90 minutes for 40 moves + 30 minutes for the rest of the game + 30 seconds per move from move one."]
[WhiteTitle "FM"]
[WhiteFideId "1702866"]
[BlackFideId "1701193"]
[WhiteElo "2204"]
[BlackElo "2173"]

1. d4 g6 2. c4 Nf6 3. Nc3 Bg7 4. e4 d6 5. Nge2 O-O 6. Ng3 e5 7. d5 a5 8. Be2 Na6 9. h4 h5 10.
Bg5 Qe8 11. Qd2 Nh7 12. Bh6 Qe7 13. Bxg7 Kxg7 14. O-O-O Nc5 15. Rdg1 Qf6 16. Bxh5 Qf4 17. Be2 Qxf2 18. h5 Qxg3 19.
hxg6 Qxg6 20. Rh5 f6 21. Rgh1 Ng5 22. Qe1 Bg4 23. Rh6 Qxh6 24. Rxh6 Bxe2 25. Qh4 Rh8 26. Rxh8 Rxh8 27. Qg3 Rh1+ 28.
Kd2 Bh5 29. Kc2 Kf7 30. Qe3 Ke7 31. b3 Bg6 32. Kb2 b6 33. Qg3 Ncxe4 34. Nxe4 Bxe4 35. Qg4 Kd8 36. c5 Rh2 37. Qd1 Rxg2+ 38. Ka3 dxc5 39. Ka4 Kd7 40. Qf1 Rxa2+ 41. Kb5 Rd2 0-1

[Event "Schack-SM 2022: Mastarklassen"]
[Site "Fyrishov, Idrottsgatan 2, Uppsala, Sweden"]
[Date "2022.07.04"]
[Round "3.1"]
[White "Lind, Jan-Olov"]
[Black "Jogstad, Daniel"]
[Result "1-0"]
[TimeControl "90 minutes for 40 moves + 30 minutes for the rest of the game + 30 seconds per move from move one."]
[BlackTitle "CM"]
[WhiteFideId "1701193"]
[BlackFideId "1718959"]
[WhiteElo "2173"]
[BlackElo "2057"]

1. e4 c5 2. Nf3 Nc6 3. d3 g6 4. g3 Bg7 5. Bg2 e5 6. O-O Nge7 7. c3 O-O 8. a3 d5 9. b4 c4 10.
exd5 Qxd5 11. Nd4 exd4 12. Bxd5 Nxd5 13. dxc4 Nxc3 14. Nxc3 dxc3 15. Be3 Be6 16. Rc1 Bxc4 17. Rxc3 Bxc3 18.
Qc1 Bxf1 19. Qxc3 Be2 20. Qf6 Rfd8 21. f3 Kf8 22. Qc3 Re8 23. Bh6+ Ke7 24. b5 Bxb5 25. Qc5+ Kd7 26. Qxb5 b6 27.
Qd5+ Kc7 28. Bf4+ 1-0

[Event "Schack-SM 2022: Mastarklassen"]
[Site "Fyrishov, Idrottsgatan 2, Uppsala, Sweden"]
[Date "2022.07.04"]
[Round "3.2"]
[White "Crevatin, Leo"]
[Black "Malmstig, Erik"]
[Result "1/2-1/2"]
[TimeControl "90 minutes for 40 moves + 30 minutes for the rest of the game + 30 seconds per move from move one."]
[WhiteTitle "CM"]
[BlackTitle "FM"]
[WhiteFideId "1726307"]
[BlackFideId "1702866"]
[WhiteElo "2259"]
[BlackElo "2204"]

1. d4 Nf6 2. c4 e6 3. Nc3 Bb4 4.
a3 Bxc3+ 5. bxc3 O-O 6. e3 d6 7. Bd3 e5 8. Ne2 Nc6 9. Ng3 Re8 10. O-O Bg4 11. Qc2 Qe7 12. f3 Bd7 13.
Qf2 Na5 14. Rb1 b6 15. e4 c5 16. f4 Ng4 17. Qf3 cxd4 18. cxd4 Nc6 19. f5 Qh4 20. h3 Nf6 21. d5 Nd4 22.
Qf2 Rac8 23. Be3 b5 24. cxb5 Rc3 25. Rfd1 Rxa3 26. Bxd4 exd4 27. Ra1 Rb3 28. Nh1 Qg5 29. Qxd4 Nh5 30.
Ra2 Nf4 31. Kh2 h6 32. Rf2 Nh5 33. Qxa7 Nf6 34. b6 Qe3 35. Rf3 Qd4 36. Ng3 h5 37. Bc2 Qxb6 38. Qxb6 Rxb6 39. Rf4 Rb2 40.
Bd3 Ra8 41. Nf1 Ra3 42. Rb1 Rxb1 43. Bxb1 Rb3 44. Bc2 Rc3 45. Bd1 Rc4 46. Ng3 Nxd5 47.
Rf2 Nf6 48. Bxh5 Nxe4 49. Nxe4 Rxe4 50. Rd2 Bxf5 1/2-1/2

[Event "Schack-SM 2022: Mastarklassen"]
[Site "Fyrishov, Idrottsgatan 2, Uppsala, Sweden"]
[Date "2022.07.04"]
[Round "3.3"]
[White "Hammarstrom, Ulf"]
[Black "Johnson, Daniel"]
[Result "1/2-1/2"]
[TimeControl "90 minutes for 40 moves + 30 minutes for the rest of the game + 30 seconds per move from move one."]
[WhiteFideId "1710214"]
[BlackFideId "1721283"]
[WhiteElo "2233"]
[BlackElo "2191"]

1. Nf3 d5 2. e3 Nf6 3. c4 e6 4. Nc3 Be7 5. b3 O-O 6. Bb2 b6 7. cxd5 Nxd5 8. Nxd5 Qxd5 9. Qc2 Ba6 10.
Qxc7 Bxf1 11. Qxe7 Nc6 12. Qg5 Qxg5 13. Nxg5 Ba6 14. Bc3 h6 15. Nf3 Rfc8 16. Kd1 Rc7 17. Rc1 Rac8 18. Be5 Nxe5 19.
Rxc7 Rxc7 20. Nxe5 f6 21. Nc4 Bxc4 22. bxc4 Rxc4 23. Ke2 Kf7 24. Kd3 b5 25. Rb1 a6 26. Rb3 Ra4 27. a3 Ke7 28.
Kc2 Kd6 29. Rd3+ Kc7 30. Rc3+ Kd6 31. Rd3+ Kc7 32. Rc3+ Kd6 1/2-1/2

[Event "Schack-SM 2022: Mastarklassen"]
[Site "Fyrishov, Idrottsgatan 2, Uppsala, Sweden"]
[Date "2022.07.04"]
[Round "3.4"]
[White "Eriksson, Jorgen"]
[Black "Carlstrom, Niklas"]
[Result "1/2-1/2"]
[TimeControl "90 minutes for 40 moves + 30 minutes for the rest of the game + 30 seconds per move from move one."]
[WhiteFideId "1701967"]
[BlackFideId "1704648"]
[WhiteElo "2200"]
[BlackElo "2125"]

1. d4 d6 2. Nf3 Nf6 3. g3 g6 4. Bg2 Bg7 5. O-O O-O 6. b3 Nbd7 7. Bb2 e5 8. e3 Re8 9. c4 e4 10.
Nfd2 c6 11. Nc3 d5 12. Rc1 Nb6 13. cxd5 Bg4 14. Qe1 cxd5 15. Nb5 Rc8 16. Rxc8 Nxc8 17. h3 Be6 18. a4 Qd7 19. Kh2 a6 20.
Nc3 h5 21. f4 exf3 22. Nxf3 Nd6 23. Ne5 Qc7 24. Qd2 h4 25. g4 Nde4 26. Nxe4 dxe4 27. Rc1 Qb8 28. Kg1 Nd7 29. Nxd7 Bxd7 30.
d5 Be5 31. Bxe5 Qxe5 32. Rd1 Rc8 33. Qf2 g5 34. Rf1 Qxd5 35. Bxe4 Qxe4 36. Qxf7+ Kh8 37. Qf6+ Kh7 38. Qf7+ Kh8 39.
Qh5+ Kg8 40. Qxg5+ Kh8 41. Qxh4+ Kg8 42. Qg5+ Kh8 43. Qf6+ 1/2-1/2

[Event "Schack-SM 2022: Mastarklassen"]
[Site "Fyrishov, Idrottsgatan 2, Uppsala, Sweden"]
[Date "2022.07.04"]
[Round "3.5"]
[White "Lundberg, David"]
[Black "Strom-Engdahl, Alexander"]
[Result "1-0"]
[TimeControl "90 minutes for 40 moves + 30 minutes for the rest of the game + 30 seconds per move from move one."]
[WhiteFideId "1707051"]
[BlackFideId "1741586"]
[WhiteElo "2219"]
[BlackElo "2077"]

1. d4 Nf6 2. c4 e6 3. Nc3 Bb4 4. e3 c5 5. Nge2 d6 6. a3 Bxc3+ 7. Nxc3 Nc6 8. d5 Ne7 9. g3 e5 10.
Bg2 O-O 11. O-O Nd7 12. Rb1 f5 13. f4 e4 14. b4 b6 15. Bb2 Nf6 16. h3 h5 17. Rf2 Bd7 18. Bf1 a6 19. Be2 Qe8 20.
Ba1 Rb8 21. Rg2 Qf7 22. a4 Rfc8 23. bxc5 bxc5 24. a5 Qe8 25. Bf1 Qd8 26. Ra2 Kf7 27. Be2 g6 28. Qc2 Qc7 29. Rab2 Rxb2 30.
Qxb2 Qxa5 31. Nb5 Ne8 32. Nxd6+ Nxd6 33. Qf6+ Ke8 34. Qxd6 Qa2 35. Re1 Qd2 36. Kf2 Rc6 37. Qe5 Rb6 38.
Rd1 Qc2 39. d6 1-0

[Event "Schack-SM 2022: Mastarklassen"]
[Site "Fyrishov, Idrottsgatan 2, Uppsala, Sweden"]
[Date "2022.07.04"]
[Round "3.6"]
[White "Bjorkman, Filip"]
[Black "Eriksson, Dan"]
[Result "0-1"]
[TimeControl "90 minutes for 40 moves + 30 minutes for the rest of the game + 30 seconds per move from move one."]
[WhiteFideId "1734970"]
[BlackFideId "1710095"]
[WhiteElo "2066"]
[BlackElo "2246"]

1. e4 e5 2. Nf3 Nc6 3. Bc4 Bc5 4. c3 Nf6 5. d4 exd4 6. e5 d5 7. Bb5 Ne4 8. cxd4 Bb6 9. Nc3 O-O 10.
Be3 Bg4 11. h3 Bh5 12. Qc2 Bg6 13. Qb3 Ba5 14. O-O Bxc3 15. bxc3 Na5 16. Qb4 c6 17. Be2 b5 18.
a4 a6 19. Ra2 Nc4 20. axb5 a5 21. Qb3 cxb5 22. Bxc4 dxc4 23. Qb2 Rb8 24. Rfa1 b4 25. Rxa5 Nxc3 26. Rc5 Bd3 27. Ne1 Ne2+ 28. Kh1 c3 29. Qb3 Be4 30. d5 Qh4 31.
f3 Ra8 32. Rd1 Bf5 33. Rc4 Qg3 34. Bg1 Bxh3 35. Qxb4 Ra2 36. Rh4 Nxg1 37. Qf4 Qg6 38. g4 Ne2 39.
Qe3 Ng3+ 40. Kg1 Nf5 0-1

[Event "Schack-SM 2022: Mastarklassen"]
[Site "Fyrishov, Idrottsgatan 2, Uppsala, Sweden"]
[Date "2022.07.04"]
[Round "3.7"]
[White "Tiger-Norqvist, Axel"]
[Black "Landgren, Andreas"]
[Result "1/2-1/2"]
[TimeControl "90 minutes for 40 moves + 30 minutes for the rest of the game + 30 seconds per move from move one."]
[BlackTitle "FM"]
[WhiteFideId "1716816"]
[BlackFideId "1704311"]
[WhiteElo "2239"]
[BlackElo "2224"]

1. e4 e5 2. Nf3 Nc6 3. Bc4 Bc5 4. c3 Nf6 5. d4 exd4 6. e5 d5 7. Bb5 Ne4 8. cxd4 Bb6 9. Nc3 O-O 10.
Be3 Bg4 11. h3 Bh5 12. Rc1 f6 13. exf6 Nxc3 14. bxc3 Qxf6 15. Be2 Bxf3 16. Bxf3 Ne7 17. O-O c6 18. Bg4 Bc7 1/2-1/2

[Event "Schack-SM 2022: Mastarklassen"]
[Site "Fyrishov, Idrottsgatan 2, Uppsala, Sweden"]
[Date "2022.07.04"]
[Round "3.8"]
[White "Johansson, Thomas"]
[Black "Dingertz, Erik"]
[Result "1-0"]
[TimeControl "90 minutes for 40 moves + 30 minutes for the rest of the game + 30 seconds per move from move one."]
[WhiteFideId "1708244"]
[BlackFideId "1741578"]
[WhiteElo "2231"]
[BlackElo "2021"]

1. Nf3 Nf6 2. c4 c5 3. g3 b6 4. Bg2 Bb7 5. O-O g6 6. d4 cxd4 7. Qxd4 Bg7 8. Nc3 O-O 9. Qh4 d6 10.
Bh6 Nbd7 11. Rac1 Rc8 12. b3 a6 13. Bxg7 Kxg7 14. Qd4 Rc5 15. Ne1 Bxg2 16. Nxg2 Qc8 17. Nd5 e5 18. Qd2 Nxd5 19.
cxd5 Nf6 20. Ne3 Qd7 21. Rxc5 bxc5 22. Nc4 h5 23. f3 h4 24. g4 h3 25. Kf2 e4 26. Kg3 Qe7 27. Kxh3 exf3 28.
exf3 Nxd5 29. Kg2 Qb7 30. Rd1 Nb4 31. Nxd6 Qc7 32. Qc3+ f6 33. a3 Rd8 34. axb4 Rxd6 35. Rxd6 Qxd6 36.
bxc5 Qe6 37. Kf2 Qc6 38. g5 Qc7 39. Qxf6+ Kh7 40. Qd6 Qb7 41. c6 Qb6+ 42. Kg2 Qe3 43. Qd5 Qe2+ 44. Kg3 Qe1+ 45.
Kf4 Qh4+ 46. Ke3 Qe1+ 47. Kd4 Qa1+ 48. Kc5 Qg1+ 49. Kd6 Qxh2+ 50. Ke6 Qe2+ 51. Kf6 Qb2+ 52. Qe5 Qc2 53. Qe7+ Kh8 54.
Qg7# 1-0

[Event "Schack-SM 2022: Mastarklassen"]
[Site "Fyrishov, Idrottsgatan 2, Uppsala, Sweden"]
[Date "2022.07.04"]
[Round "3.9"]
[White "Joensson, Jacob"]
[Black "Sundin, Emanuel"]
[Result "1-0"]
[TimeControl "90 minutes for 40 moves + 30 minutes for the rest of the game + 30 seconds per move from move one."]
[WhiteFideId "1726315"]
[BlackFideId "1719173"]
[WhiteElo "1947"]
[BlackElo "2160"]

1. d4 d5 2. c4 c6 3. Nf3 e6 4. Nc3 dxc4 5. e4 b5 6. Qc2 Nf6 7. Be2 Bb7 8. O-O Nbd7 9. Re1 a6 10.
a4 Be7 11. Bg5 h6 12. Bh4 b4 13. e5 bxc3 14. exf6 Bxf6 15. Bxf6 Qxf6 16. Qxc3 c5 17. dxc5 Qxc3 18. bxc3 Nxc5 19.
Ne5 Ke7 20. Bxc4 Rhd8 21. Rab1 Rd6 22. Nd3 Be4 23. Nxc5 Bxb1 24. Rxb1 Rc6 25. Rb7+ Kd6 26. Ne4+ Ke5 27. Nd2 Rd8 28.
Nf3+ Kf6 29. Be2 Rxc3 30. g3 Ra3 31. Rb4 a5 32. Rf4+ Kg6 33. Ne5+ Kh7 34. Bb5 f6 35. Nc4 Ra1+ 36.
Kg2 e5 37. Rf3 Rd5 38. Nxa5 Rxb5 39. axb5 Rxa5 40. Rb3 Ra8 41. f4 exf4 42. gxf4 Kg6 43. Kf3 Kf5 44. b6 Rb8 45. b7 Ke6 46.
Ke4 Ke7 47. Kd5 Kd7 48. f5 h5 49. h4 Kc7 50. Ke6 Rd8 51. b8=Q+ Rxb8 52. Rxb8 Kxb8 53. Kf7 1-0

[Event "Schack-SM 2022: Mastarklassen"]
[Site "Fyrishov, Idrottsgatan 2, Uppsala, Sweden"]
[Date "2022.07.04"]
[Round "3.10"]
[White "Olsson, Svante"]
[Black "Mardell, Jimmy"]
[Result "0-1"]
[TimeControl "90 minutes for 40 moves + 30 minutes for the rest of the game + 30 seconds per move from move one."]
[WhiteFideId "1707353"]
[BlackFideId "1705610"]
[WhiteElo "2156"]
[BlackElo "2161"]

1. c4 e5 2. Nc3 Nf6 3. Nf3 Nc6 4. g3 Bb4 5. Bg2 Bxc3 6. dxc3 O-O 7. O-O d6 8. Ne1 Be6 9. b3 a5 10. a4 Nd7 11. Nc2 Nc5 12. Ne3 f5 13. Nd5 f4 14. b4 Nd7 15. gxf4 Rc8 16. b5 Ncb8 17. fxe5 Nxe5 18. Nf4 Bxc4 19. Bd5+ Bxd5 20. Qxd5+ Kh8 21. Ne6 Qh4 22. Qg2 Rf7 23. f4 Ng4 24. h3 Nf6 25. e4 Nbd7 26. Bd2 Re8 27. Ng5 Rfe7 28. Rae1 Qh5 29. e5 dxe5 30. f5 h6 31. Ne6 Nf8 32. Nc5 b6 33. Ne4 Nxe4 34. Rxe4 Nd7 35. Rg4 Nf6 36. Rg6 Rf8 37. Rf3 Rff7 38. Rfg3 Kh7 39. Kh2 Qxf5 40. Be3 Rd7 0-1

[Event "Schack-SM 2022: Mastarklassen"]
[Site "Fyrishov, Idrottsgatan 2, Uppsala, Sweden"]
[Date "2022.07.03"]
[Round "2.5"]
[White "Strom-Engdahl, Alexander"]
[Black "Eriksson, Jorgen"]
[Result "1/2-1/2"]
[TimeControl "90 minutes for 40 moves + 30 minutes for the rest of the game + 30 seconds per move from move one."]
[WhiteFideId "1741586"]
[BlackFideId "1701967"]
[WhiteElo "2077"]
[BlackElo "2200"]

1. d4 Nf6 2. Bf4 c5 3. e3 Qb6 4.
Na3 d5 5. Nb5 Na6 6. dxc5 Qxc5 7. Qd4 e6 8. Qxc5 Bxc5 9. Nd6+ Ke7 10. Nxc8+ Rhxc8 11. Bxa6 bxa6 12. Bg5 Rab8 13. O-O-O h6 14.
Bxf6+ Kxf6 15. Ne2 Rb7 16. Rd3 Rbc7 17. Kb1 h5 18. Rhd1 g6 19. Rc3 Ke7 20. Nc1 Bd6 21. Rxc7+ Rxc7 22.
Ne2 Rc4 23. g3 h4 24. Rd4 Rxd4 25. Nxd4 e5 26. Nf3 hxg3 27. hxg3 Kf6 28. Kc1 Kf5 29. Kd1 Bc5 30. Ke2 e4 31.
Nd2 Ke5 32. Nb3 Bb6 33. c3 f5 34. Na1 g5 35. Nc2 a5 36. a4 f4 37. gxf4+ gxf4 38. exf4+ Kxf4 39. Ne3 Ke5 40. Ng4+ Kd6 41.
Nf6 Ke6 42. Ng4 d4 43. cxd4 Bxd4 44. b3 Kd5 45. Ne3+ Bxe3 46. Kxe3 Ke5 47. f3 exf3 48. Kxf3 1/2-1/2

[Event "Schack-SM 2022: Mastarklassen"]
[Site "Fyrishov, Idrottsgatan 2, Uppsala, Sweden"]
[Date "2022.07.03"]
[Round "2.6"]
[White "Jogstad, Daniel"]
[Black "Joensson, Jacob"]
[Result "1-0"]
[TimeControl "90 minutes for 40 moves + 30 minutes for the rest of the game + 30 seconds per move from move one."]
[WhiteTitle "CM"]
[WhiteFideId "1718959"]
[BlackFideId "1726315"]
[WhiteElo "2057"]
[BlackElo "1947"]

1. e4 e5 2. Nf3 Nc6 3. Bc4 Nf6 4. d3 Bc5 5. c3 O-O 6. O-O h6 7. d4 Bd6 8. Re1 Re8 9. Nbd2 Bf8 10.
d5 Nb8 11. Nf1 d6 12. Ng3 g6 13. Bd2 Kh7 14. b4 Qd7 15. Bb3 c6 16. c4 a6 17. dxc6 Nxc6 18. Bc3 Qc7 19. Rc1 Be6 20. a3 Rac8 21. Qd3 Qb6 22. Nf1 Na5 23. c5 dxc5 24.
Bxe6 c4 25. Ng5+ Kg7 26. Qg3 hxg5 27. Bxc8 Nb3 28. Rcd1 Rxc8 29. Qxe5 1-0

[Event "Schack-SM 2022: Mastarklassen"]
[Site "Fyrishov, Idrottsgatan 2, Uppsala, Sweden"]
[Date "2022.07.03"]
[Round "2.7"]
[White "Mardell, Jimmy"]
[Black "Tiger-Norqvist, Axel"]
[Result "0-1"]
[TimeControl "90 minutes for 40 moves + 30 minutes for the rest of the game + 30 seconds per move from move one."]
[WhiteFideId "1705610"]
[BlackFideId "1716816"]
[WhiteElo "2161"]
[BlackElo "2239"]

1. d4 Nf6 2. c4 g6 3. f3 Bg7 4. e4 O-O 5. Nc3 d6 6. Be3 c5 7. Nge2 Nc6 8. d5 Ne5 9. Ng3 h5 10. Be2 h4 11. Nf1 e6 12.
f4 Nxc4 13. Bxc4 b5 14. Bxb5 exd5 15. e5 dxe5 16. fxe5 Bg4 17. exf6 Bxd1 18. fxg7 Kxg7 19. Bxc5 Bh5 20. Bd4+ Kh6 21.
Ne3 f5 22. O-O f4 23. Nexd5 Rb8 24. a4 a6 25. Rae1 axb5 26. Re7 g5 27. Bg7+ Kg6 28. Bxf8 Qxf8 29. Rfe1 Bg4 30. h3 Bf5 31.
Nxb5 f3 32. gxf3 Bxh3 33. R1e3 Qf5 34. R7e5 Qb1+ 35. Re1 Qxb2 36. R5e2 Rxb5 37. axb5 Qxb5 38. Nc3 Qb8 39. Ne4 Bf5 40.
Rg2 g4 41. Rxg4+ Bxg4 42. fxg4 Qf4 43. Nf2 h3 44. Kf1 Qc4+ 45. Kg1 Qd4 46. Kf1 Kg5 47. Nxh3+ Kh4 48. Nf2 Kg3 49. Re2 Qa1+ 50. Re1 Qa6+ 51. Kg1 Qb6 52. Rf1 Kf3 53. Kh1 Qh6+ 54. Kg1 Qe3 55. Kh2 Qf4+ 56. Kg1 Qg3+ 0-1

[Event "Schack-SM 2022: Mastarklassen"]
[Site "Fyrishov, Idrottsgatan 2, Uppsala, Sweden"]
[Date "2022.07.03"]
[Round "2.8"]
[White "Pettersson, Tobias"]
[Black "Johansson, Thomas"]
[Result "0-1"]
[TimeControl "90 minutes for 40 moves + 30 minutes for the rest of the game + 30 seconds per move from move one."]
[WhiteFideId "1705962"]
[BlackFideId "1708244"]
[WhiteElo "2027"]
[BlackElo "2231"]

1. d4 Nf6 2. Nf3 e6 3. Bg5 Be7 4. Nbd2 d5 5. e3 Nbd7 6.
Bd3 b6 7. O-O Bb7 8. c3 Ne4 9. Bxe7 Qxe7 10. Bxe4 dxe4 11. Ne1 O-O 12. Qc2 e5 13. Nc4 Qe6 14. b3 c5 15. dxe5 Nxe5 16. Nxe5 Qxe5 17. Rd1 Rad8 18.
c4 Bc8 19. Rxd8 Rxd8 20. h3 Bf5 21. Kh1 Bg6 22. Kg1 h6 23. g3 Qe6 24. Kh2 Bh5 25. g4 Qe5+ 26. Kg1 Bg6 27. Ng2 h5 28.
Rd1 Rd6 29. Nf4 hxg4 30. hxg4 Bh7 31. Rd5 Rxd5 32. cxd5 g5 33. Nh5 Bg6 34. Qd1 Kf8 35. d6 Ke8 36. d7+ Kd8 37. Qd2 f5 38.
Ng3 f4 39. exf4 gxf4 40. Ne2 e3 41. Qc3 Qg5 42. f3 Be4 43. Qh8+ Kxd7 44. Qb8 Bxf3 45. Qxa7+ Kc8 0-1

[Event "Schack-SM 2022: Mastarklassen"]
[Site "Fyrishov, Idrottsgatan 2, Uppsala, Sweden"]
[Date "2022.07.03"]
[Round "2.9"]
[White "Landgren, Andreas"]
[Black "Olsson, Svante"]
[Result "1-0"]
[TimeControl "90 minutes for 40 moves + 30 minutes for the rest of the game + 30 seconds per move from move one."]
[WhiteTitle "FM"]
[WhiteFideId "1704311"]
[BlackFideId "1707353"]
[WhiteElo "2224"]
[BlackElo "2156"]

1. e4 c5 2. Nf3 d6 3. d4 cxd4 4.
Nxd4 Nf6 5. Nc3 g6 6. Be3 Bg7 7. f3 O-O 8. Qd2 Nc6 9. O-O-O Bd7 10. Kb1 Rc8 11. g4 Ne5 12. h4 h5 13.
Nd5 hxg4 14. Nxf6+ Bxf6 15. f4 Nc4 16. Bxc4 Rxc4 17. h5 e5 18. Nb3 gxh5 19. Rxh5 Rxe4 20. f5 Bc6 21. Bxa7 Rf4 22.
Be3 Re4 23. Bb6 Qe7 24. Bc7 Rd8 25. Bxd8 Qxd8 26. a3 Rf4 27. Nc1 Bf3 28. Rg1 Bg5 29. Qh2 Qf6 30. Nd3 Rxf5 31. Ne1 g3 32.
Rxg5+ Rxg5 33. Rxg3 Bd5 34. Qh4 1-0